 Dungeon Crawl Stone Soup version 0.28-a0-429-g1448048969 (webtiles) character file.

Game seed: 13533271339259781940

420 Shayle the Insei (level 7, 0/51 HPs)
             Began as a Djinni Warper on Sept 11, 2021.
             Slain by Blork the orc (10 damage)
             ... on level 4 of the Dungeon.
             The game lasted 00:13:20 (5562 turns).

Shayle the Insei (Djinni Warper)                    Turns: 5562, Time: 00:13:20

Health: 0/51       AC:  3    Str: 10    XL:     7   Next: 16%
Gold:   178        EV: 11    Int: 17    God:
                   SH:  0    Dex: 12

rFire   + + .      SeeInvis .   g - +2 dagger (drain)
rCold   x . .      Faith    .   (no shield)
rNeg    . . .      Spirit   .   a - +0 leather armour
rPois   ∞          Reflect  .   (no helmet)
rElec   .          Harm     .   (no cloak)
rCorr   .          Rampage  .   (no gloves)
Will    .....                   (boots unavailable)
Stlth   +.........              (no amulet)
HPRegen 0.17/turn               (no ring)
MPRegen 0.00/turn               (no ring)

@: confused, ambrosia-drunk, flying
A: sickness immunity, fire resistance 2, cold vulnerability 1, float, innate
caster, hp casting, extra vitality 1
a: no special abilities


You were on level 4 of the Dungeon.
You visited 1 branch of the dungeon, and saw 5 of its levels.

You collected 178 gold pieces.

Inventory:

Hand Weapons
 g - a +2 dagger of draining (weapon)
Missiles
 l - 7 silver boomerangs (quivered)
Armour
 a - a +0 leather armour (worn)
Wands
 e - a wand of iceblast (11)
Scrolls
 b - a scroll of blinking
 d - a scroll of fog
 f - a scroll of holy word {unknown}
 i - a scroll of fear
 j - a scroll of torment


   Skills:
 + Level 3.9 Fighting
 - Level 0.7 Throwing
 - Level 1.0 Armour
 - Level 2.1 Dodging
 * Level 5.2 Unarmed Combat
 + Level 3.5 Spellcasting


You couldn't memorise any spells.
You knew the following spells:

 Your Spells              Type           Power      Damage    Failure   Level
a - Blink                 Tloc           N/A        N/A       8%          2
b - Lesser Beckoning      Tloc           15%        N/A       16%         3
c - Gell's Gravitas       Tloc           7%         N/A       16%         3
d - Teleport Other        Tloc           15%        N/A       16%         3
e - Manifold Assault      Tloc           15%        N/A       82%         5
f - Animate Skeleton      Necr           30%        N/A       5%          1
g - Searing Ray           Conj           30%        2d5       8%          2
h - Ignite Poison         Fire/Tmut/Pois 15%        N/A       16%         3
Your spell library was empty.

Dungeon Overview and Level Annotations

Branches:
Dungeon (5/15)
 Temple: D:4-7

Altars:

Shops:
D:3 :

Annotations:
D:4 Blork the orc


Innate Abilities, Weirdness & Mutations

You are immune to sickness and miasma.
You are immune to poison.
Your flesh is very heat resistant. (rF++)
You are vulnerable to cold. (rC-)
You float through the air rather than walking.
You learn spells naturally, not from books.
Your magical power is your life essence.
You have superior vitality. (+4 HP)


Message History

Blork the orc barely misses you.
Unknown command.
The searing ray hits Blork the orc.
Blork the orc is moderately wounded.
Blork the orc hits you with a +0 hand axe!
Blork the orc misses you.
The searing ray misses Blork the orc.
Blork the orc hits you with a +0 hand axe!
The searing ray hits Blork the orc.
Blork the orc is heavily wounded.
You finish channelling your searing ray.
Blork the orc hits you but does no damage.
Blork the orc hits you with a +0 hand axe.
* * * LOW HITPOINT WARNING * * *
You are confused.
You feel invigorated.
Blork the orc hits you with a +0 hand axe.
* * * LOW HITPOINT WARNING * * *
You hit Blork the orc but do no damage.
Blork the orc is heavily wounded.
Blork the orc hits you with a +0 hand axe!
* * * LOW HITPOINT WARNING * * *
Blork the orc barely misses you.
You hit Blork the orc but do no damage. You drain Blork the orc.
Blork the orc is heavily wounded.
Blork the orc hits you with a +0 hand axe!
* * * LOW HITPOINT WARNING * * *
You're too confused to move!
Blork the orc screams, "I'll rip your head off!"
Blork the orc casts a spell at you. The puff of flame hits you. You resist.
* * * LOW HITPOINT WARNING * * *
Blork the orc hits you with a +0 hand axe.
* * * LOW HITPOINT WARNING * * *
You bump into the rock wall.
Blork the orc hits you with a +0 hand axe.
* * * LOW HITPOINT WARNING * * *
You bump into the rock wall.
Blork the orc hits you with a +0 hand axe!
You die...

##.###.##.#####.#
#.## ##......##.##
##.###.##.##......
##.#.###.#####.##
##...###.......#
##.###.##########
#.## ##.# #o# #.#
######## #@## ##.#
#.......
##.###.####.......
##.......#.......
#.#.###.#.......
#....##.#.......
#....##.#.......
#....##.########
#.......########
####.###........


You could see Blork the orc (fast, drained).

Vanquished Creatures
  A sky beast (D:4)
  An ogre (D:4)
  A howler monkey (D:4)
  A hound (D:3)
  An iguana (D:4)
  Ijyb (D:3)
  6 adders
  An adder skeleton (D:4)
  2 dart slugs (D:4)
  8 orcs
  6 endoplasms
  2 giant cockroaches
  10 goblins
  5 hobgoblins
  4 quokkas
  4 ball pythons
  4 bats
  2 frilled lizards
  5 kobolds
  2 rats (D:2)
67 creatures vanquished.

Vanquished Creatures (others)
  A plant (D:2)
1 creature vanquished.

Grand Total: 68 creatures vanquished

Notes
Turn   | Place    | Note
-------+----------+-------------------------------------------
     0 | D:1      | Shayle the Djinni Warper began the quest for the Orb.
     0 | D:1      | Reached XP level 1. HP: 18/18 MP: 0/0
   544 | D:1      | Reached XP level 2. HP: 23/23 MP: 0/0
  1512 | D:2      | Reached XP level 3. HP: 18/29 MP: 0/0
  1512 | D:2      | Learned a level 1 spell: Animate Skeleton
  2158 | D:2      | Reached skill level 3 in Unarmed Combat
  2445 | D:2      | Reached XP level 4. HP: 34/34 MP: 0/0
  2531 | D:3      | Noticed Ijyb
  2560 | D:3      | Killed Ijyb
  2942 | D:3      | Found Xoilor's Book Shoppe.
  3032 | D:3      | Reached XP level 5. HP: 40/40 MP: 0/0
  3032 | D:3      | Learned a level 2 spell: Searing Ray
  3502 | D:4      | Noticed an ogre
  3710 | D:3      | Reached skill level 4 in Unarmed Combat
  4391 | D:4      | Killed an ogre
  4392 | D:4      | Reached XP level 6. HP: 20/46 MP: 0/0
  5103 | D:5      | Entered Level 5 of the Dungeon
  5103 | D:5      | Noticed Blork the orc
  5103 | D:5      | Noticed a sky beast
  5114 | D:4      | Killed a sky beast
  5115 | D:4      | Reached skill level 5 in Unarmed Combat
  5115 | D:4      | Reached XP level 7. HP: 10/51 MP: 0/0
  5115 | D:4      | Learned a level 3 spell: Ignite Poison
  5562 | D:4      | Slain by Blork the orc

Illustrated notes

Levels and vault maps discovered:
D:1:      arrival_zaba_pyramid, layout_loops_ring, minmay_tripent
D:2:      layout_basic, chequers_big_river
D:3:      layout_basic, serial_shops, shop_statue, uniq_ijyb
D:4:      layout_loops_cross
D:5:      layout_rooms, yredelemnul_forgotten_temple_becter,
          nicolae_ossuary_entry_ruins, serial_shops,
          nicolae_shop_competitors_out_of_business,
          hangedman_abyss_or_decor_lesser_grid, uniq_blork_the_orc

Skill      XL: |  1  2  3  4  5  6 |
---------------+-------------------+-----
Unarmed Combat | 3 4 5 |  5.2
Fighting       | 3 |  3.9
Spellcasting   | 3 |  3.5
Throwing       | |  0.7
Armour         | |  1.0
Dodging        | |  2.1

Action                   |  1- 3 |  4- 6 |  7- 9 || total
-------------------------+-------+-------+-------++-------
Melee: Unarmed           |    71 |       |       ||    71
       Dagger            |    42 |   129 |    14 ||   185
Throw: Boomerang         |     3 |     1 |     1 ||     5
 Cast: Searing Ray       |       |     5 |     1 ||     6
       Blink             |       |     1 |       ||     1
  Use: Potion            |       |     4 |     1 ||     5
       Scroll            |       |       |     4 ||     4
Armor: Leather armour    |    37 |    34 |     1 ||    72
Dodge: Dodged            |    62 |    86 |    12 ||   160

Table legend: (Time is in decaauts)
 A = Elapsed time spent in this place.
 B = Non-inter-level travel time spent in this place.
 C = Inter-level travel time spent in this place.
 D = Time resting spent in this place.
 E = Time spent auto-exploring this place.
 F = Levels seen in this place.
 G = Mean time per level.
                   A        B        C        D        E       F      G
               +--------+--------+--------+--------+--------+-----+--------+
         Total |   5566 |   5412 |    154 |   1335 |   3332 |   5 | 1113.2 |
       Dungeon |   5566 |   5412 |    154 |   1335 |   3332 |   5 | 1113.2 |
               +--------+--------+--------+--------+--------+-----+--------+

Top non-repeatable levels by time:
     D:4: 1701 daAuts
     D:1: 1497 daAuts
     D:3: 1385 daAuts
     D:2: 972 daAuts
     D:5: 10 daAuts
